[Event "41st BAN National Women Chess-ch 2022"]
[Site "Dhaka"]
[Date "2022.11.26"]
[Round "9.3"]
[White "Noshin, Anjum"]
[Black "Wadifa, Ahmed"]
[Result "1-0"]
[ECO "C48"]
[WhiteElo "1907"]
[BlackElo "1656"]
[Annotator "TA"]
[PlyCount "101"]
[EventDate "2022.11.17"]
[EventCountry "BAN"]
[SourceTitle "playchess.com"]
[Source "ChessBase"]
[SourceQuality "1"]
[TimeControl "40/5400+30:1800+30"]

1. e4 e5 2. Nf3 Nf6 3. Nc3 Nc6 4. Bb5 Bc5 5. O-O O-O 6. Nxe5 Nxe5 7. d4 Bd6 8. f4 Neg4 {[%emt 0:00:05] C48: Four Knights: 4 Bb5, replies other than 4...Bb4.} (8... Nc6 {simplifies} 9. e5 Be7 10. exf6 Bxf6 11. d5 Nb4) 9. e5 Bb4 10. h3 {[%emt 1:34:05][%mdl 64] [#] Deflection} (10. Qf3 $5) 10... Nh6 ({Don't play} 10... Bxc3 11. bxc3 d6 12. Qf3 $14 (12. exf6 Nxf6 13. Re1 c5 $11) (12. hxg4 Nxg4 13. g3 h5 $11)) ({Better is} 10... d6 $1 $11) 11. exf6 $16 Qxf6 {[%emt 0:03:11] [#]} 12. Nd5 $146 {[%emt 0:00:00][%csl LRb4,LRc7,LRf6] Prevents c6.} ({Predecessor:} 12. Ne4 Qb6 13. a4 d5 14. Ng5 Nf5 15. c3 Be7 16. Bd3 h6 17. Nf3 c5 18. Bxf5 Bxf5 {0-1 (81) Sharma,D (2243)-Van Foreest,L (2488) Chess.com INT 2018}) 12... Qd6 {[%emt 0:01:25] [#]} 13. Nxb4 {[%emt 0:00:00] White is much more active.} (13. Ne3 $1 $16) 13... Qxb4 $14 14. a4 d5 {[%emt 0:02:41] [#]} 15. b3 $1 $36 {[%emt 0:00:00][%mdl 2048] White is really pushing.} Nf5 16. Ba3 Qc3 17. Bxf8 Ne3 $2 {[%emt 0:14:15] A mistake that costs the game.} (17... Kxf8 $16 {is a better chance.} 18. Qd3 Qxd4+ 19. Qxd4 Nxd4) 18. Qe1 $18 Qxd4 19. Qf2 c6 (19... Bf5 $142 20. Bb4 Qb6) 20. Rfe1 Kxf8 21. Qxe3 Qxe3+ 22. Rxe3 cxb5 23. axb5 {[%emt 0:00:00][%mdl 4096] Endgame Black must now prevent Re5. KRR-KRB} Bf5 (23... Bd7 $142 24. c4 dxc4 25. bxc4 a5) 24. Rc3 Be4 25. Rc7 d4 26. Rd1 ({Resist} 26. Ra4 Rd8 27. Rxa7 g6 $18) 26... Rd8 27. Rc4 f5 $2 (27... Rd5 28. g4 g6 29. Rcxd4 Rxd4 30. Rxd4 Bxc2) 28. Rdxd4 Rxd4 29. Rxd4 Bxc2 {[%emt 0:00:08] KR-KB} 30. Rd7 Be4 31. Kf2 h6 32. g3 Kg8 33. Rd8+ Kf7 34. Ra8 Ke7 35. Rxa7 Kd6 36. Ra8 Kc5 37. Rg8 Kxb5 38. Rxg7 {[%emt 0:00:00] Rh7 would kill now.} Kb4 39. Rh7 {[%emt 0:00:00] White mates.} Kxb3 40. Rxh6 b5 41. Rb6 b4 42. h4 Kc3 43. h5 Bd5 44. h6 Bg8 45. Rb7 b3 46. h7 Bxh7 47. Rxh7 b2 48. Rb7 Kc2 49. Ke3 b1=Q 50. Rxb1 Kxb1 51. Kd4 {[%emt 0:00:00] Weighted Error Value: White=0.40/Black=0.92} 1-0

[Event "41st BAN National Women Chess-ch 2022"]
[Site "Dhaka"]
[Date "2022.11.26"]
[Round "9.4"]
[White "Jannatul, Ferdous"]
[Black "Sabiha, Marjana"]
[Result "1-0"]
[ECO "B07"]
[WhiteElo "1861"]
[BlackElo "1267"]
[Annotator "NA RC COMBH"]
[PlyCount "68"]
[EventDate "2022.11.17"]
[EventCountry "BAN"]
[SourceTitle "playchess.com"]
[Source "ChessBase"]
[SourceQuality "1"]
[TimeControl "40/5400+30:1800+30"]

1. d4 d6 2. e4 Nf6 3. Nc3 c6 4. f4 Qa5 5. Bd3 e5 6. Nf3 Bg4 {[%emt 0:00:00] [#]} 7. Be3 $1 exf4 8. Bxf4 Qb4 {[%emt 0:00:00] [#]} ({Better is} 8... Qb6 $14) 9. a3 $1 Qxb2 $2 (9... Qb6 $16 {is a better chance.}) 10. Bd2 $2 (10. Na4 $18 Qxa1 11. Qxa1) 10... Bxf3 11. gxf3 Qb6 12. Be3 Be7 13. Qd2 Qc7 14. O-O Nbd7 15. a4 a5 16. Rab1 h6 (16... O-O $14) 17. f4 ({White should try} 17. Rb3 $16) 17... Ng4 18. Kh1 Nxe3 19. Qxe3 g5 {[%emt 0:00:00] [#]} (19... d5 $14 {might be stronger.}) 20. Bc4 (20. Rb3 $1 $16) 20... f6 ({Better is} 20... g4 $14) 21. f5 ({White should play} 21. Qh3) 21... g4 $2 (21... h5 $16 {was called for.}) 22. Ba2 (22. Ne2 $18) 22... h5 {[%emt 0:00:00] [#]} 23. Ne2 $1 Bf8 (23... Rh7 $142 24. Nf4 Nf8) 24. Qb3 O-O-O 25. Nf4 Re8 26. Ne6 Qb8 27. Qc3 Bh6 28. Bd5 Rxe6 29. fxe6 Qc7 30. exd7+ Kxd7 31. Rxf6 Bg5 32. Be6+ Ke8 $18 33. Rf7 Be7 34. d5 Rg8 1-0

[Event "41st BAN National Women Chess-ch 2022"]
[Site "Dhaka"]
[Date "2022.11.26"]
[Round "9.5"]
[White "Hamid, Rani"]
[Black "Warsia, Khusbu"]
[Result "1/2-1/2"]
[ECO "B32"]
[WhiteElo "1760"]
[BlackElo "1540"]
[Annotator "NA RC COMBH"]
[PlyCount "126"]
[EventDate "2022.11.17"]
[EventCountry "BAN"]
[SourceTitle "playchess.com"]
[Source "ChessBase"]
[SourceQuality "1"]
[TimeControl "40/5400+30:1800+30"]

1. e4 c5 2. Nf3 Nc6 3. d4 cxd4 4. Nxd4 e5 5. Nxc6 bxc6 6. Bd3 Nf6 7. O-O Bc5 8. Nd2 O-O 9. Nc4 Re8 10. Bg5 h6 11. Bh4 d5 12. Nd2 Rb8 13. Rb1 Qd6 14. c3 Bg4 15. Qc2 Nh5 16. Rfe1 Nf4 17. Bf1 Qg6 18. Bg3 Nh5 19. Bd3 Nxg3 20. hxg3 Qf6 21. Nf1 d4 22. cxd4 Bxd4 23. b4 c5 24. bxc5 Rxb1 25. Rxb1 Rc8 26. Ne3 Bd7 27. Qe2 Bxc5 28. Nd5 Qd6 29. Kh2 Be6 30. Ba6 Rc6 31. Bb7 Bxd5 32. exd5 Rb6 33. Rxb6 Qxb6 34. Bc6 Bxf2 35. Qxe5 Qe3 36. Qb8+ Kh7 37. Qf4 Kg6 38. d6 Bg1+ 39. Kh3 Qe6+ 40. g4 Qe3+ 41. Qf3 Qxf3+ 42. gxf3 Kf6 43. Bd5 g5 44. a4 Bc5 45. d7 Ke7 46. Bc6 Bb6 47. Bb5 Ke6 48. Kg2 Ke5 49. Kf1 Kf4 50. Kg2 f5 51. gxf5 Kxf5 52. Bd3+ Ke6 53. Bb5 h5 54. Kg3 Bc7+ 55. Kh3 a6 56. Bxa6 Kxd7 57. Bd3 Ke6 58. Bg6 h4 59. Kg4 Kf6 60. Be8 Ba5 61. Bd7 Bd2 62. Kh3 Ke5 63. Kg2 Kf4 1/2-1/2

[Event "41st BAN National Women Chess-ch 2022"]
[Site "Dhaka"]
[Date "2022.11.26"]
[Round "9.6"]
[White "Ahmed, Walijah"]
[Black "Kazi Zarin, Tasnim"]
[Result "1/2-1/2"]
[ECO "C79"]
[WhiteElo "1977"]
[BlackElo "1860"]
[Annotator "TA"]
[PlyCount "95"]
[EventDate "2022.11.17"]
[EventCountry "BAN"]
[SourceTitle "playchess.com"]
[Source "ChessBase"]
[SourceQuality "1"]
[TimeControl "40/5400+30:1800+30"]

1. e4 e5 2. Nf3 Nc6 3. Bb5 a6 4. Ba4 d6 5. O-O Bd7 6. c3 Nf6 7. Re1 g6 $1 {[%emt 0:00:14][%mdl 4] outshines the older 7...Be7.} 8. d4 Bg7 9. Bg5 {[%emt 0:03:40] C79: Ruy Lopez: Steinitz-type lines with 3...a6 4 Ba4 Nf6 5 0-0 d6.} h6 10. Bh4 (10. Bxf6 {simplifies} Bxf6 11. d5 Nb8 12. a3) 10... b5 11. Bb3 {[%emt 0:02:33] White has an edge.} O-O 12. h3 g5 13. Bg3 {[%emt 0:00:59][%cal Rd4e5] [#]} Nh5 $146 (13... Qe7 14. Nbd2 g4 15. hxg4 Bxg4 16. d5 Nb8 17. a4 Nbd7 18. Bc2 Nh5 19. Nf1 Qf6) ({Predecessor:} 13... Qe7 14. Nbd2 g4 15. hxg4 Bxg4 16. d5 Nb8 17. a4 Nbd7 18. Bc2 Nh5 19. Nf1 Qf6 {0-1 (51) Shemet,M (1627)-Goerke,J (2120) Pfarrkirchen 2018}) 14. d5 (14. Nxe5 dxe5 15. Qxh5) (14. Nxe5 {is more complex.} dxe5 15. Qxh5 exd4 16. Nd2) 14... Na5 {[%emt 0:03:52] [#]} (14... Nxg3 15. dxc6 Nxe4 16. cxd7 (16. Rxe4 Bxc6 17. Bd5 Qd7)) (14... Nxg3 $2 15. dxc6 Nxe4 16. cxd7 $18 (16. Rxe4 Bxc6 17. Bd5 Qd7 $16)) 15. Nxe5 $1 dxe5 (15... Nxg3 16. Nxd7 Qxd7) 16. Qxh5 Nxb3 17. axb3 Be8 (17... c6 $142) 18. Qe2 $16 {[%emt 0:11:04] White is much more active. The black rooks are badly placed.} f6 (18... Qd6 19. f3 f5) 19. Nd2 h5 20. h4 Bg6 (20... g4 21. c4 Qe7) (20... c6 $16 {was called for.}) 21. c4 (21. b4) (21. b4 $18) 21... gxh4 (21... g4 22. Ra5 (22. cxb5 axb5 23. Rxa8 Qxa8) 22... Qb8) (21... g4 $16 22. Ra5 (22. cxb5 axb5 23. Rxa8 Qxa8 $16) 22... Qc8 23. cxb5 axb5 24. Rxb5 (24. Qxb5 c6 $14) 24... Ra2) 22. Bxh4 $18 Qd7 23. Qf3 (23. f3) 23... Bh6 (23... bxc4 24. Nxc4 (24. bxc4 Qg4) 24... Qg4) (23... Qg4 $16 {was necessary.}) 24. Nf1 Qh7 (24... a5 25. cxb5 (25. Bxf6 Ra6) 25... Qxb5) (24... Qg4 $16 {keeps fighting.}) 25. Ng3 (25. Bxf6 bxc4 26. Ne3 (26. bxc4 Bg7) 26... Bg7 27. Nxc4 Bxf6) (25. Bxf6 bxc4 26. bxc4 Bg7 $17) 25... Bg5 26. Bxg5 fxg5 27. Qd3 h4 28. Nf5 (28. Nf1) ({White should play} 28. Nf1 $1 $18) 28... bxc4 $16 29. bxc4 Bxf5 30. exf5 Qxf5 31. Qxf5 (31. Qe2 {seems wilder.} g4 32. Ra3 e4 33. Qc2) 31... Rxf5 {[%emt 0:00:01][%mdl 4096] Endgame KRR-KRR} 32. Re2 Kf7 33. Ra5 Ke7 34. b4 Rb8 35. Rxa6 Rxb4 36. Re6+ $1 Kf7 37. Rc6 Rb7 {[%emt 0:00:05] [#]} 38. c5 (38. Kh2) (38. Kh2 $1 $16) 38... e4 $11 39. Rd2 Re5 40. Ra6 (40. Kh2 $5 ) 40... Ke7 (40... Rb3) 41. Ra5 {[%emt 0:32:24] And now d6+ would win.} (41. Kh2) 41... Rb1+ 42. Kh2 {[%emt 0:01:37] Strongly threatening d6+.} Kd7 {[%emt 0:00:02] [#]} (42... Kf7) (42... Kf7 $11 {and Black is okay.}) 43. Ra8 $2 (43. d6 cxd6 44. Ra7+ (44. Rxd6+ Kc7) 44... Kd8 45. c6 (45. cxd6 Reb5)) ({White has to play} 43. d6 $1 $18 {[%cal Oc5c6] c6+! is the strong threat.} cxd6 44. Ra7+ (44. Rxd6+ Kc7 $11) 44... Kd8 45. Rxd6+ (45. cxd6 Reb5 $14) 45... Kc8 46. c6) 43... Re8 (43... e3 44. fxe3 g4 45. c6+ Kd6) (43... e3 $11 44. fxe3 g4 45. c6+ Kd6) 44. c6+ Ke7 45. Rxe8+ (45. d6+ $1 $14 {might be stronger.} cxd6 46. Ra7+ Kf6 47. Rxd6+ Re6 48. c7) 45... Kxe8 {[%emt 0:00:00] The position is equal.} 46. Re2 Ke7 $1 47. Rxe4+ Kd6 48. f4 {[%emt 0:03:32] White really could win this.   Weighted Error Value: White=0.33/Black=0.32} 1/2-1/2

[Event "41st BAN National Women Chess-ch 2022"]
[Site "Dhaka"]
[Date "2022.11.27"]
[Round "10.1"]
[White "Khan, Nazrana"]
[Black "Kazi Zarin, Tasnim"]
[Result "0-1"]
[ECO "D46"]
[WhiteElo "1908"]
[BlackElo "1860"]
[Annotator "TA"]
[PlyCount "86"]
[EventDate "2022.11.17"]
[EventCountry "BAN"]
[SourceTitle "playchess.com"]
[Source "ChessBase"]
[SourceQuality "1"]
[TimeControl "40/5400+30:1800+30"]

1. d4 d5 2. c4 c6 3. Nf3 Nf6 4. Nc3 e6 5. e3 Nbd7 6. Qc2 Bd6 7. Bd3 O-O 8. O-O e5 9. cxd5 cxd5 10. e4 exd4 {[%emt 0:00:00] D46: Semi-Slav: 5 e3 Nbd7 6 Bd3, Black avoids the Meran.} 11. Nxd5 Nxd5 12. exd5 Nf6 {[%emt 0:00:00] White has an edge.} 13. Bg5 h6 14. Bxf6 Qxf6 {[%emt 0:00:00] [#]} 15. Be2 $146 (15. Qc4 $11) ({Predecessor:} 15. Qc4 b6 16. Rad1 Bg4 17. Nxd4 Bxd1 18. Rxd1 Bc5 19. Nf5 Qxb2 20. Qh4 Rfe8 21. d6 {½-½ (34) Pali,G (2127)-Fogarasi,N (2126) Budapest 2004}) 15... Bg4 {[%emt 0:00:00] Hoping for ...Bxf3.} 16. Qd3 Rfe8 17. Bd1 {[%emt 0:03:01] [#]} ({Better is} 17. Rae1 $15) 17... Bc5 {[%emt 0:00:00] Black has more active pieces. The white rooks are badly placed. A strong pair of Bishops.} ({Black should play} 17... Bf5 $1 $17 18. Qxd4 Qxd4 19. Nxd4 Bd3) 18. Rc1 (18. Bc2 $15 g6 19. Nd2) 18... Bf5 $17 19. Qd2 Bb6 20. Re1 (20. Bc2 $17 {is a better defense.}) 20... Rad8 ({Black should try} 20... Rxe1+ $19 21. Qxe1 d3) 21. Bb3 (21. Rxe8+ $142 Rxe8 22. Bc2) 21... Re4 (21... Be4 $17 22. Ba4 Re7) 22. Bc4 g5 23. Bd3 Rxe1+ 24. Rxe1 Bxd3 (24... Rxd5 {feels hotter.} 25. Re8+ Kg7 26. Ne1 Re5) 25. Qxd3 Rxd5 26. Qe4 Qf5 27. Qe8+ {[%emt 0:01:11] Now White is beyond hope.} (27. Qxf5 $17 Rxf5 28. Ne5) 27... Kg7 $19 {[%emt 0:00:00] And now ...d3 would win.} 28. Qb8 $2 (28. Re5 Qd7 29. Qxd7 Rxd7 30. h3) 28... d3 29. Rd1 {[%emt 0:00:57] Against d2} d2 {[%emt 0:00:00] ( -> ...Qc2)} 30. h3 Qc2 31. Rxd2 Rxd2 (31... Qc1+ $142 32. Kh2 Bc7+ 33. g3 Rxd2 34. Qxa7 Rxb2 35. Qd4+ Kg8) 32. Qe5+ Kh7 33. Nxd2 Qxd2 34. Qf6 Qe1+ 35. Kh2 Qxf2 ({Stronger than} 35... Bxf2 36. Qxf7+ Kh8 37. Qf8+ Kh7 38. Qf7+ Kh8 39. Qf8+ Kh7 40. Qf7+ $11) 36. Qe7 {[%emt 0:00:55] Against Bc7+} Qf4+ 37. Kh1 Bc7 38. Kg1 Qc1+ 39. Kf2 {[%emt 0:00:01] [#]} Qxb2+ (39... Bg3+ $142 $1 40. Kf3 Qf1+ 41. Ke3 Qe1+ 42. Kf3 Qf2+ 43. Ke4 Qe2+ 44. Kd4 Qxe7 45. Kd3 Qd6+ 46. Kc2 Qd4 47. a4 Qc4+ 48. Kb1 Be5 49. g3 Qb3 50. Kc1 Qxb2+ 51. Kd1 Bc3 52. h4 Qd2#) 40. Kf3 Qc3+ 41. Kf2 Bb6+ (41... Bg3+ $142 42. Ke2 Qe1+ 43. Kf3 Qf2+ 44. Ke4 Qe2+ 45. Kd4 Qxe7 46. Kd3 Qa3+ 47. Kd2 Bf4+ 48. Kc2 b5 49. g3 Qc1+ 50. Kb3 Be5 51. Kb4 Qc4+ 52. Ka5 Qa4#) 42. Ke2 Qc2+ 43. Kf3 Qf2+ {[%emt 0:00:12] Weighted Error Value: White=0.93/Black=0.49} 0-1

[Event "41st BAN National Women Chess-ch 2022"]
[Site "Dhaka"]
[Date "2022.11.27"]
[Round "10.2"]
[White "Warsia, Khusbu"]
[Black "Ahmed, Walijah"]
[Result "1-0"]
[ECO "B44"]
[WhiteElo "1540"]
[BlackElo "1977"]
[Annotator "TA"]
[PlyCount "73"]
[EventDate "2022.11.17"]
[EventCountry "BAN"]
[SourceTitle "playchess.com"]
[Source "ChessBase"]
[SourceQuality "1"]
[TimeControl "40/5400+30:1800+30"]

1. e4 c5 2. Nf3 e6 3. d4 cxd4 4. Nxd4 Nc6 5. c4 Nf6 6. Nc3 Bb4 7. Nxc6 bxc6 8. Bd3 e5 9. O-O Bc5 {[%emt 0:00:24] B44: Sicilian: Taimanov: 5 Nb5.} 10. Kh1 d6 {[%emt 0:04:11] [#] Strongly threatening ...Ng4.} 11. f4 Ng4 {[%emt 0:03:13] White must now prevent ...Qh4. The position is equal.} 12. Qe1 {[%emt 0:02:33] [#] Inhibits Qh4.} Rb8 $146 ({Predecessor:} 12... h5 13. f5 Rb8 14. Qg3 Ba6 15. Be2 Bd4 16. Rb1 Qb6 17. Bd2 Bf2 18. Qh3 Ke7 {1-0 (38) Vlachos,A (2439)-Milliet,S (2407) Paris 2021}) 13. h3 h5 14. fxe5 (14. f5 $14) 14... dxe5 15. Bc2 Be6 16. b3 Bd4 17. Bd2 Qc8 18. Rd1 {[%emt 0:02:47] Black is on the road to losing.} (18. hxg4 $2 {is a self mate.} hxg4+) 18... Nh6 ({Black should play} 18... Qd8 $14) 19. Qg3 Ng4 20. Ne2 {[%emt 0:04:05][%cal Bc3e2,Be2g3,Bg3f5][%mdl 32] And now Nxd4 would win.} (20. hxg4 $2 {is the wrong capture.} hxg4+ $19) 20... Bc5 21. b4 $18 (21. hxg4 $2 {loses.} hxg4+ $19) 21... Bf2 (21... Bxc4 $142 22. bxc5 Bxe2) 22. Rxf2 Nxf2+ 23. Qxf2 Bxc4 $2 (23... h4 {is a better defense.} 24. Bc3 f6) 24. Ng3 {[%emt 0:01:49] Hoping for Nf5. White is clearly winning.} Qe6 25. Nf5 O-O 26. Qg3 g6 27. Qg5 Rb7 {[%emt 0:05:14] Inhibits Ne7+.} 28. Be3 f6 29. Qxg6+ Kh8 30. Qh6+ Kg8 31. Bc5 Qf7 32. Qxf8+ Qxf8 33. Bxf8 Kxf8 34. Rd8+ Kf7 35. Nd6+ Ke7 36. Nxb7 Ba6 {[%emt 0:00:03] [#]} 37. Rh8 $1 {[%emt 0:00:10] Weighted Error Value: White=0.17 (very precise) /Black=0.59} 1-0

[Event "41st BAN National Women Chess-ch 2022"]
[Site "Dhaka"]
[Date "2022.11.27"]
[Round "10.3"]
[White "Sabiha, Marjana"]
[Black "Hamid, Rani"]
[Result "1/2-1/2"]
[ECO "B50"]
[WhiteElo "1267"]
[BlackElo "1760"]
[Annotator "NA RC COMBH"]
[PlyCount "173"]
[EventDate "2022.11.17"]
[EventCountry "BAN"]
[SourceTitle "playchess.com"]
[Source "ChessBase"]
[SourceQuality "1"]
[TimeControl "40/5400+30:1800+30"]

1. e4 c5 2. d3 Nc6 3. Nf3 d6 4. b3 Bg4 5. Bb2 e6 6. Nbd2 Nf6 7. g3 Be7 8. Bg2 O-O 9. O-O Rc8 10. a3 b5 11. c4 a6 12. Qc2 Nd7 13. Qb1 Nde5 14. Nxe5 dxe5 15. Re1 Qd6 16. Bf3 Bxf3 17. Nxf3 Rfd8 18. Rd1 Rb8 19. Qc2 f6 20. Bc1 bxc4 21. bxc4 Na5 22. Be3 Rb3 23. Ne1 Rdb8 24. Rdb1 R8b7 25. Bd2 Qb8 26. Rxb3 Nxb3 27. Rb1 a5 28. a4 Nd4 29. Rxb7 Qxb7 30. Qd1 Bd8 31. Be3 Qd7 32. Bxd4 exd4 33. Qb3 Kf7 34. Nc2 h5 35. Qb5 Qc7 36. Ne1 h4 37. Kg2 hxg3 38. hxg3 g5 39. Nf3 f5 40. exf5 exf5 41. Nd2 g4 42. Nb3 Be7 43. Nxa5 f4 44. gxf4 Qxf4 45. Qc6 Bd6 46. Qd5+ Kg7 47. Qe4 Qh2+ 48. Kf1 Qh3+ 49. Ke2 g3 50. fxg3 Qh2+ 51. Kf1 Qh3+ 52. Qg2 Qf5+ 53. Ke2 Qe5+ 54. Kd2 Qe3+ 55. Kc2 Bxg3 56. Nb7 Kh6 57. Nxc5 Bf4 58. Nb3 Qe8 59. Qh3+ Kg5 60. Qg2+ Kf6 61. Qe4 Be5 62. Nc5 Qe7 63. Qh4+ Kf7 64. Qxe7+ Kxe7 65. Kb3 Kd6 66. Kb4 Kc6 67. Ne4 Bc7 68. Nf6 Bd6+ 69. Ka5 Be5 70. Nd5 Bg3 71. Ka6 Be1 72. Nf4 Bc3 73. Ne2 Kc5 74. a5 Be1 75. Nf4 Bc3 76. Ne6+ Kc6 77. Nd8+ Kc7 78. Nb7 Kc6 79. Ka7 Kc7 80. a6 Bb4 81. c5 Ba3 82. c6 Bb4 83. Nd8 Bc5+ 84. Ka8 Bb6 85. Ne6+ Kc8 86. a7 Bxa7 87. Kxa7 1/2-1/2

[Event "41st BAN National Women Chess-ch 2022"]
[Site "Dhaka"]
[Date "2022.11.27"]
[Round "10.4"]
[White "Wadifa, Ahmed"]
[Black "Jannatul, Ferdous"]
[Result "0-1"]
[ECO "B12"]
[WhiteElo "1656"]
[BlackElo "1861"]
[Annotator "NA RC COMBH"]
[PlyCount "60"]
[EventDate "2022.11.17"]
[EventCountry "BAN"]
[SourceTitle "playchess.com"]
[Source "ChessBase"]
[SourceQuality "1"]
[TimeControl "40/5400+30:1800+30"]

1. e4 c6 2. d4 d5 3. e5 Bf5 4. Nf3 e6 5. Be2 c5 6. c4 dxc4 7. Bxc4 Nc6 8. Be3 cxd4 9. Bxd4 Nxd4 10. Nxd4 Qa5+ 11. Kf1 O-O-O 12. Qc1 Rxd4 13. Bxe6+ Kd8 14. Bxf5 Qb5+ 15. Kg1 Qxb2 16. Qc8+ Ke7 17. h4 Rd1+ 18. Kh2 Qxe5+ 19. g3 Rxh1+ 20. Kxh1 Qxa1 21. Qd7+ Kf6 22. g4 g6 23. Kg2 Kg7 24. Be4 Nf6 25. Qxb7 Nxe4 26. Qxe4 Bc5 27. g5 Qd4 28. Qf3 Rb8 29. Nc3 Rb4 30. Kf1 Qf4 0-1

[Event "41st BAN National Women Chess-ch 2022"]
[Site "Dhaka"]
[Date "2022.11.27"]
[Round "10.5"]
[White "Talukder, Umme Taslima Protiva"]
[Black "Noshin, Anjum"]
[Result "0-1"]
[ECO "D27"]
[WhiteElo "1780"]
[BlackElo "1907"]
[Annotator "TA"]
[PlyCount "134"]
[EventDate "2022.11.17"]
[EventCountry "BAN"]
[SourceTitle "playchess.com"]
[Source "ChessBase"]
[SourceQuality "1"]
[TimeControl "40/5400+30:1800+30"]

1. d4 d5 2. c4 dxc4 3. e3 Nf6 4. Bxc4 e6 5. Nf3 c5 6. O-O a6 7. dxc5 Qxd1 8. Rxd1 Bxc5 9. a3 b5 10. Be2 Bb7 11. b4 Be7 12. Bb2 Nbd7 13. Nbd2 O-O 14. Rac1 {[%emt 0:01:35] D27: Queen's Gambit Accepted: Classical main line: 7 e4!? and 7 a4.} Rfc8 {[%emt 0:00:19] Against Rc7} 15. Rxc8+ Rxc8 16. Rc1 {[%emt 0:00:02] The position is equal.} Rxc1+ 17. Bxc1 {[%emt 0:00:29] [#]} Ne4 $146 ({Predecessor:} 17... Nd5) 18. Bb2 Bf6 19. Bxf6 Ndxf6 20. Bd3 Kf8 21. Bxe4 Bxe4 22. Nxe4 Nxe4 $11 {[%emt 0:00:05][%mdl 4096] Endgame KN-KN} 23. Nd4 Nd2 24. Nc2 f5 25. f3 Ke7 26. Kf2 Kd6 27. Ke2 Nc4 28. Kd3 g5 29. h3 h5 30. Kc3 Nb6 31. Kd3 Kd5 32. g3 Nc4 33. Kc3 $2 (33. Nd4 $1 $11) 33... g4 $2 ({Black should play} 33... e5 $19 {And now ...e4 would win.} 34. Kd3 e4+ 35. fxe4+ fxe4+ 36. Ke2 Nd6) 34. fxg4 fxg4 35. hxg4 hxg4 {[%emt 0:00:05] ...Ke4 is the strong threat.} 36. Kd3 Ne5+ (36... Nb2+ $1 $15 37. Ke2 e5 38. e4+ Kxe4) 37. Ke2 $1 Nc4 (37... Nf3 $11 38. Kd3 Ne5+ 39. Ke2 Nc4) 38. Kd3 $15 Ke5 {[%emt 0:05:22] Black is more active.} (38... Nb2+ $1 $15 39. Kd2 e5) 39. e4 (39. Nd4 $1 $11) 39... Nb2+ $1 {[%emt 0:00:16] Black converts the advantage convincingly.} 40. Ke3 $2 {[%emt 0:11:54][%mdl 8192] [#]} (40. Ke2 $17) 40... Nd1+ $1 $19 41. Kd2 Nf2 42. Ne3 $2 (42. Ke1 Nxe4 43. Ne3) 42... Nxe4+ (42... Kxe4 $2 43. Ke2 Nh1 44. Nxg4 Nxg3+ 45. Ke1 $19) 43. Kd3 Nxg3 44. Nxg4+ Kf4 45. Nf6 {[%emt 0:02:49] [#]} e5 $1 46. Nd5+ Kf3 47. Ne3 e4+ 48. Kd2 Nh5 49. Nc2 Nf4 50. Kc3 e3 51. Kd4 e2 52. Kc5 Kf2 53. Kb6 Nd5+ ({Worse is} 53... e1=B 54. Nxe1 Kxe1 55. Kxa6 $11) 54. Kxa6 Ne3 (54... e1=R $2 55. Nxe1 Nc3 56. Nc2 $16) 55. Nxe3 Kxe3 (55... e1=B 56. Nc2 Bc3 57. Kxb5 $18) ({Not} 55... e1=R 56. Nd5 $11) 56. Kxb5 {[%emt 0:00:00] Black mates.} e1=Q ({Stronger than} 56... e1=B 57. Kc6 $11) 57. a4 Kd4 58. a5 Qe8+ 59. Kb6 Qb8+ 60. Ka6 Qxb4 61. Ka7 Qxa5+ 62. Kb8 Qc5 63. Kb7 Qd6 64. Ka7 Kc5 65. Kb7 Qe7+ 66. Kb8 Kb6 67. Ka8 Qe8# {[%emt 0:00:00] Weighted Error Value: White=0.58/Black=0.10 (very precise)} 0-1

[Event "41st BAN National Women Chess-ch 2022"]
[Site "Dhaka"]
[Date "2022.11.27"]
[Round "10.6"]
[White "Nusrat Jahan, Alo"]
[Black "Tasnia Tarannum, Orpa"]
[Result "1-0"]
[ECO "B16"]
[WhiteElo "1710"]
[BlackElo "1662"]
[Annotator "NA RC COMBH"]
[PlyCount "123"]
[EventDate "2022.11.17"]
[EventCountry "BAN"]
[SourceTitle "playchess.com"]
[Source "ChessBase"]
[SourceQuality "1"]
[TimeControl "40/5400+30:1800+30"]

1. e4 c6 2. d4 d5 3. Nd2 dxe4 4. Nxe4 Nf6 5. Nxf6+ gxf6 6. Be3 Qb6 7. Qc1 h5 8. Bd3 Qb4+ 9. c3 Qd6 10. Qd2 Qd5 11. f3 Bf5 12. Ne2 Bxd3 13. Nf4 Qf5 14. Nxd3 Nd7 15. O-O-O e6 16. Kb1 Nb6 17. Ka1 Nc4 18. Qe2 Nxe3 19. Qxe3 Bh6 20. Qe2 Rg8 21. Nc5 O-O-O 22. Ne4 Qg6 23. g3 f5 24. Nc5 Qf6 25. Nd3 Rd5 26. Ne5 Rgd8 27. f4 h4 28. Qh5 Rf8 29. Rdf1 Bg7 30. gxh4 Qe7 31. Rhg1 Bf6 32. Qh7 c5 33. Rg8 Rxg8 34. Qxg8+ Rd8 35. Qxf7 cxd4 36. Qxe7 Bxe7 37. cxd4 Bxh4 38. Nf3 Bf6 39. Rd1 Rd5 40. Kb1 Kd8 41. Kc2 Ke7 42. Kd3 Rd8 43. Rc1 Kd6 44. Ke3 Rg8 45. Rc2 Rg7 46. b3 Rh7 47. h4 b6 48. Rh2 Rh5 49. Kf2 Kd5 50. Kg3 Rh8 51. Re2 Rc8 52. Ng5 Rc6 53. h5 Rc3+ 54. Kh4 Rf3 55. h6 Rxf4+ 56. Kh5 Rg4 57. Nxe6 Rg8 58. h7 Rg1 59. Nf4+ Kxd4 60. Re6 Bh8 61. Re7 a5 62. Ne2+ 1-0